 Dungeon Crawl Stone Soup version 0.28.0-53-g5a82cb258f (webtiles) character file.

Game seed: 15753177469315364886

11738 LustLizard the Prestidigitator (level 12, -11/70 HPs)
             Began as a Djinni Ice Elementalist on Aug 22, 2022.
             Was a Believer of Qazlal.
             Mangled by an eight-headed hydra (12 damage)
             ... on level 11 of the Dungeon.
             The game lasted 00:45:36 (15133 turns).

LustLizard the Prestidigitator (DjIE)              Turns: 15133, Time: 00:45:38

Health: -11/70     AC:  8    Str: 13    XL:     12   Next: 11%
Gold:   473        EV: 12    Int: 26    God:    Qazlal [**....] SH:  3 Dex: 14

rFire   + + +      SeeInvis .   U - +7 dagger of Wealth {drain, rPois rF++ Str+4}
rCold   x . .      Faith    .   (no shield)
rNeg    + . .      Spirit   .   I - +2 robe {Will+}
rPois   ∞          Reflect  .   R - +2 helmet
rElec   .          Harm     .   V - +0 cloak of the Trees {+Inv}
rCorr   .          Rampage  .   (no gloves)
Will    ++...                   (boots unavailable)
Stlth   ++........              D - amulet of regeneration
HPRegen 1.01/turn               l - ring of positive energy
MPRegen 0.00/turn               P - +6 ring of intelligence

@: freezing walls, flying, studying Long Blades
A: sickness immunity, fire resistance 2, cold vulnerability 1, float, innate
caster, HP casting, extra vitality 1
a: Renounce Religion, Evoke Invisibility, Upheaval


You were on level 11 of the Dungeon.
You worshipped Qazlal.
Qazlal was pleased with you.
You visited 2 branches of the dungeon, and saw 12 of its levels.
You also visited: Sewer.

You collected 473 gold pieces.

Inventory:

Hand Weapons
 a - a +1 vorpal falchion
 U - the +7 dagger of Wealth (weapon) {drain, rPois rF++ Str+4}
   (You took it off an orc on level 7 of the Dungeon)

   A truly terrible weapon, it drains the life of any living foe it strikes.
   Str:       It affects your strength (+4).
   rF:        It greatly protects you from fire.
   rPois:     It protects you from poison.
Missiles
 c - 230 stones
 q - 3 curare-tipped darts
 Q - a throwing net
Armour
 I - a +2 robe of willpower (worn)
 R - a +2 helmet (worn)
 V - the +0 cloak of the Trees (worn) {+Inv}
   (You found it on level 7 of the Dungeon)

   +Inv:      It lets you turn invisible.
Jewellery
 l - a ring of positive energy (left hand)
 D - an amulet of regeneration (around neck)
 L - a ring of ice
 P - a +6 ring of intelligence (right hand)
 S - a +4 ring of slaying
Wands
 y - a wand of flame (24)
 H - a wand of polymorph (13)
 J - a wand of paralysis (18)
 T - a wand of digging (2)
Scrolls
 d - a scroll of amnesia {unknown}
 f - 2 scrolls of vulnerability {unknown}
 o - 4 scrolls of teleportation
 p - a scroll of brand weapon
 r - 2 scrolls of fog {unknown}
 s - 2 scrolls of acquirement {unknown}
 w - 2 scrolls of magic mapping
 B - a scroll of enchant weapon
 G - 2 scrolls of enchant armour
 O - a scroll of immolation
Potions
 b - a potion of attraction {unknown}
 e - 6 potions of curing
 h - 2 potions of cancellation {unknown}
 i - a potion of mutation
 j - a potion of degeneration {unknown}
 m - 2 potions of brilliance
 n - 3 potions of invisibility
 t - 3 potions of heal wounds
 v - 3 potions of resistance {unknown}
 x - 4 potions of might
 z - 4 potions of haste
 A - 2 potions of lignification
 E - a potion of magic {unknown}
 N - a potion of berserk rage {unknown}


   Skills:
 - Level 3.7(6.8) Short Blades
 * Level 9.0(9.3) Long Blades
 - Level 2.5 Dodging
 - Level 4.0 Stealth
 * Level 9.8 Spellcasting
 * Level 10.8 Evocations


You had 5 spell levels left.
You knew the following spells:

 Your Spells              Type           Power      Damage    Failure   Level
a - Freeze                Ice            100%       1d11      1%          1
b - Frozen Ramparts       Ice            100%       1d12      1%          3
c - Ozocubu's Armour      Ice            59%        N/A       1%          3
d - Hailstorm             Conj/Ice       59%        3d13      1%          4
e - Sandblast             Erth           100%       2d20      1%          1
f - Poisonous Vapours     Pois/Air       100%       N/A       1%          2
g - Teleport Other        Tloc           59%        N/A       1%          3
h - Spider Form           Tmut/Pois      59%        N/A       1%          3
i - Agony                 Necr           59%        N/A       2%          5
Your spell library was empty.

Dungeon Overview and Level Annotations

Branches:
Dungeon (11/15)            Temple (1/1) D:7            Lair (0/6) D:9
    Orc (0/2) D:10          Sewer (visited)

Altars:
Ashenzari
Cheibriados
Dithmenos
Elyvilon
Fedhas
Gozag
Hepliaklqana
Kikubaaqudgha
Makhleb
Nemelex Xobeh
Okawaru
Qazlal
Ru
Sif Muna
Trog
Uskayaw
Vehumet
Wu Jian
Xom
Yredelemnul
Zin
The Shining One
Beogh

Shops:
D:3 !   D:9 :   D:10 =

Portals:
Trove: D:11 (give 9 potions of haste)

Annotations:
D:7 cbfl8's ghost, novice MiBe
D:8 3 runed translucent doors, FrogKing's ghost, novice DjFE
D:11 exclusion: hydra


Innate Abilities, Weirdness & Mutations

You are immune to sickness and miasma.
You are immune to poison.
Your flesh is very heat resistant. (rF++)
You are vulnerable to cold. (rC-)
You float through the air rather than walking.
You learn spells naturally, not from books.
Your magical power is your life essence.
You have superior vitality. (+4 MHP)


Message History

The eight-headed hydra closely misses you.
The eight-headed hydra bites you!
You block the eight-headed hydra's attack.
The eight-headed hydra bites you!
The eight-headed hydra closely misses you.
The eight-headed hydra barely misses you.
Casting: Frozen Ramparts (safe; 1% risk of failure)
Confirm with . or Enter, or press ? or * to list all spells.
Aiming: Sandblast (safe; 1% risk of failure)
Press: ? - help, Shift-Dir - straight line, f - eight-headed hydra
Aim: an eight-headed hydra (lightly wounded, 94% to hit)
The blast of sand hits the eight-headed hydra!
The eight-headed hydra is moderately wounded.
c - 231 stones The wall freezes the eight-headed hydra.
The eight-headed hydra seems to slow down.
The eight-headed hydra bites you but does no damage. x3
The eight-headed hydra bites you! x2
* * * LOW HITPOINT WARNING * * *
The eight-headed hydra bites you.
* * * LOW HITPOINT WARNING * * *
The eight-headed hydra bites you but does no damage.
The eight-headed hydra bites you.
* * * LOW HITPOINT WARNING * * *
Casting: Sandblast (safe; 1% risk of failure)
Confirm with . or Enter, or press ? or * to list all spells.
Aiming: Sandblast (safe; 1% risk of failure)
Press: ? - help, Shift-Dir - straight line, f/p - eight-headed hydra
Aim: an eight-headed hydra (moderately wounded, slow, 94% to hit)
The blast of sand hits the eight-headed hydra!!
The eight-headed hydra is severely wounded.
c - 230 stones
* * * LOW HITPOINT WARNING * * *
The wall freezes the eight-headed hydra!
The eight-headed hydra misses you.
The eight-headed hydra barely misses you.
The eight-headed hydra misses you. The eight-headed hydra bites you.
* * * LOW HITPOINT WARNING * * *
The eight-headed hydra bites you!
You die...

. #(........# #
...###......##.####.#
.[.................>#
D.###......####.##.#
#......### #.##.#
#!.....# #....#
#....### #.####
#..☼D### #.# #...@..#
##.### ##.....#
#....# #.....# #..###
####### #....# #....#
#.#..# ###....#
#<....## #####.#


You could see an eight-headed hydra (slow).

Vanquished Creatures
  A two-headed ogre (D:9)
  7 death yaks
  A troll (D:10)
  Grinder (D:3)
  Sigmund (D:3)
  2 shadows
  2 vampires
  8 yaks
  4 steam dragons
  The ghost of DevonAidendale the Insei, an amateur HuTm of Qazlal (D:3)
  A warg (D:9)
  3 water moccasins
  5 orc warriors
  2 ice beasts
  2 sky beasts
  5 centaurs
  An ogre (D:5)
  2 kobold brigands (Sewer)
  A bullfrog (D:7)
  2 scorpions
  An electric eel (D:7)
  3 bullfrog zombies
  5 howler monkeys
  3 centaur zombies
  2 jellies
  5 hounds
  A gnoll shaman (D:3)
  4 orc priests
  Crazy Yiuf (D:4)
  2 bullfrog skeletons
  5 iguanas
  Natasha (thrice) (D:4)
  14 orc wizards
  A killer bee zombie (D:7)
  A hound skeleton (D:4)
  8 gnolls (D:3)
  11 adders
  4 river rats (Sewer)
  A white imp (D:5)
  2 adder skeletons (D:4)
  A worm (D:2)
  3 dart slugs
  38 orcs
  10 ball pythons
  7 bats
  6 endoplasms
  10 giant cockroaches
  6 goblins
  10 hobgoblins
  11 jackals
  11 kobolds
  4 quokkas
  5 frilled lizards
  9 rats
260 creatures vanquished.

Vanquished Creatures (others)
  A centaur (D:7)
  An orc (D:8)
  34 plants
36 creatures vanquished.

Grand Total: 296 creatures vanquished

Notes
Turn   | Place    | Note
-------+----------+-------------------------------------------
     0 | D:1      | LustLizard the Djinni Ice Elementalist began the quest for
                  | the Orb.
     0 | D:1      | Reached XP level 1. HP: 15/15 MP: 0/0
   303 | D:1      | Reached XP level 2. HP: 18/21 MP: 0/0
   732 | D:1      | Reached XP level 3. HP: 24/25 MP: 0/0
   732 | D:1      | Learned a level 1 spell: Sandblast
  1205 | D:2      | Reached skill level 1 in Short Blades
  1363 | D:2      | Found a hide-covered altar of Uskayaw.
  1376 | D:2      | Reached XP level 4. HP: 23/31 MP: 0/0
  1827 | D:2      | Found a faded altar of an unknown god.
  2075 | D:2      | Reached XP level 5. HP: 34/35 MP: 0/0
  2075 | D:2      | Learned a level 2 spell: Poisonous Vapours
  2685 | D:3      | Noticed a sky beast
  2705 | D:3      | Killed a sky beast
  2706 | D:3      | Reached XP level 6. HP: 18/40 MP: 0/0
  2875 | D:3      | Found a glowing drain.
  2890 | Sewer    | Entered a sewer
  3290 | Sewer    | Reached XP level 7. HP: 26/45 MP: 0/0
  3290 | Sewer    | Learned a level 3 spell: Teleport Other
  4502 | D:3      | Found a transporter.
  4514 | D:3      | Noticed DevonAidendale's ghost (amateur HuTm)
  4526 | D:3      | Found a transporter.
  4700 | D:3      | Found Fanah's Distillery.
  4771 | D:3      | Noticed Grinder
  4785 | D:3      | Killed Grinder
  4786 | D:3      | Reached skill level 5 in Spellcasting
  4786 | D:3      | Reached skill level 1 in Evocations
  5159 | D:3      | Reached XP level 8. HP: 50/50 MP: 0/0
  5260 | D:3      | Noticed Sigmund
  5563 | D:4      | Reached skill level 2 in Evocations
  5586 | D:4      | Found a hazy altar of Hepliaklqana.
  5592 | D:4      | Noticed Natasha
  5602 | D:4      | Killed Natasha
  6434 | D:4      | Found a runed translucent door.
  6435 | D:4      | Noticed Crazy Yiuf
  6444 | D:4      | Killed Crazy Yiuf
  6999 | D:4      | Noticed Natasha
  7004 | D:4      | Killed Natasha
  7288 | D:4      | Noticed Natasha
  7290 | D:4      | Killed Natasha
  7291 | D:4      | Reached skill level 3 in Evocations
  7394 | D:3      | Killed Sigmund
  7557 | D:5      | Entered Level 5 of the Dungeon
  7774 | D:5      | Reached skill level 4 in Evocations
  7787 | D:5      | Noticed a yak
  7787 | D:5      | Noticed a yak
  7788 | D:5      | Noticed a yak
  7886 | D:5      | Killed a yak
  7955 | D:5      | Noticed a yak
  7956 | D:5      | Killed a yak
  7957 | D:5      | Reached XP level 9. HP: 48/55 MP: 0/0
  7957 | D:5      | Learned a level 3 spell: Spider Form
  7985 | D:5      | Reached skill level 5 in Evocations
  8581 | D:5      | Reached skill level 6 in Evocations
  9973 | D:6      | Reached skill level 7 in Evocations
 10203 | D:6      | Reached XP level 10. HP: 50/60 MP: 0/0
 10421 | D:7      | Found a staircase to the Ecumenical Temple.
 10474 | Temple   | Entered the Ecumenical Temple
 10756 | Temple   | Became a worshipper of Qazlal Stormbringer
 10840 | D:7      | Found a runed translucent gate.
 10841 | D:7      | Found a runed translucent gate.
 10842 | D:7      | Found a runed translucent gate.
 10843 | D:7      | Identified the +2 plate armour "Otenen" {Str+5}
 10843 | D:7      | Noticed cbfl8's ghost (novice MiBe)
 10943 | D:7      | Reached skill level 8 in Evocations
 11665 | D:3      | Killed DevonAidendale's ghost
 11665 | D:3      | Reached * piety under Qazlal
 11666 | D:3      | Reached skill level 1 in Long Blades
 11863 | D:7      | Identified the +7 dagger of Wealth {drain, rPois rF++
                  | Str+4}
 12271 | D:8      | Found a runed translucent gate.
 12272 | D:8      | Found a runed translucent gate.
 12272 | D:8      | Found a runed translucent gate.
 12665 | D:8      | Noticed FrogKing's ghost (novice DjFE)
 12684 | D:9      | Noticed a death yak
 12713 | D:8      | Killed a death yak
 12714 | D:8      | Reached skill level 9 in Evocations
 12752 | D:9      | Noticed a death yak
 12752 | D:9      | Noticed a death yak
 12752 | D:9      | Noticed a death yak
 12861 | D:9      | Found Woptuov's Self-Improvement Boutique.
 12863 | D:9      | Noticed a death yak
 12883 | D:9      | Killed a death yak
 12884 | D:9      | Reached skill level 5 in Long Blades
 12884 | D:9      | Reached XP level 11. HP: 46/65 MP: 0/0
 12884 | D:9      | Learned a level 5 spell: Agony
 12910 | D:9      | Noticed a death yak
 12927 | D:9      | Killed a death yak
 12971 | D:9      | Found a staircase to the Lair.
 12975 | D:9      | Noticed a death yak
 12993 | D:9      | Killed a death yak
 13207 | D:8      | Killed a death yak
 13208 | D:8      | Reached skill level 10 in Evocations
 13297 | D:9      | Killed a death yak
 13374 | D:9      | Killed a death yak
 13628 | D:9      | Noticed a two-headed ogre
 13671 | D:9      | Killed a two-headed ogre
 14250 | D:7      | Reached ** piety under Qazlal
 14344 | D:7      | Identified the +0 cloak of the Trees {+Inv}
 14446 | D:10     | Entered Level 10 of the Dungeon
 14595 | D:10     | Reached XP level 12. HP: 70/70 MP: 0/0
 14643 | D:10     | Found a staircase to the Orcish Mines.
 14726 | D:10     | Found Plog's Jewellery Emporium.
 15107 | D:11     | Found a portal to a secret trove of treasure.
 15121 | D:11     | Noticed an eight-headed hydra
 15133 | D:11     | HP: 1/70 [eight-headed hydra (3)]
 15133 | D:11     | Mangled by an eight-headed hydra

Illustrated notes

Levels and vault maps discovered:
D:1:      erik_arrival_orb_chamber, layout_loops_ring, hex_medium
D:2:      layout_basic, basic_altar, serial_rivers,
          chequers_serial_rivers_small_3, chequers_serial_rivers_small_3,
          chequers_serial_rivers_micro_c, chequers_serial_rivers_large_b,
          chequers_serial_rivers_marsh, ebering_ecumenical_altar_hall,
          minmay_pentomino_z2
D:3:      layout_basic, gup_sewer_entry_pipe, serial_shops, shop_statue,
          gammafunk_ghost_gnarly_gnolls, uniq_sigmund, uniq_grinder
D:4:      minmay_chambers_of_twos, layout_cave_pods,
          nicolae_hepliaklqana_hazy_memory, uniq_natasha,
          uniq_crazy_yiuf_cottage
D:5:      layout_basic, serial_rivers, chequers_serial_rivers_room_b,
          chequers_serial_rivers_small_a, chequers_serial_rivers_room_a,
          chequers_serial_rivers_small_b, chequers_serial_rivers_micro_e,
          chequers_serial_rivers_small_b
D:6:      layout_cave_pods, hangedman_abyss_or_decor_stabs
D:7:      cheibrodos_helix_gallery, layout_rooms,
          minmay_temple_entry_sparse_star, biasface_ghost_orc_armoury,
          minmay_manual_mullet
D:8:      layout_loops_ring, gammafunk_ghost_necromancy, corexii_checkpoint_a
D:9:      layout_cave_pools, dpeg_lair_monsters, nicolae_shop_self_help
D:10:     layout_rooms, erik_orc_4, serial_shops, nicolae_shop_waterfront
D:11:     layout_basic, gauntlet_entry_generic, nicolae_trove_entry_free_sample,
          uniq_fannar
Temple:   mainiacjoe_temple_hex_bubbles

Skill      XL: |  1  2  3  4  5  6  7  8  9 10 11 12 |
---------------+-------------------------------------+-----
Stealth        | 2 3 4 |  4.0
Short Blades   | 1 2 3 |  3.7
Spellcasting   | 4 5 6 7 8 9 |  9.8
Evocations     | 1 4 7 9 10 | 10.8
Long Blades    | 5 8 9 |  9.0
Dodging        | |  2.5

Action                   |  1- 3 |  4- 6 |  7- 9 | 10-12 || total
-------------------------+-------+-------+-------+-------++-------
Melee: Dagger            |    36 |   107 |   119 |    48 ||   310
       Punch             |       |     2 |     1 |     3 ||     6
       Short sword       |       |       |    98 |   183 ||   281
Throw: Stone             |     1 |     5 |       |       ||     6
 Cast: Freeze            |    29 |    15 |     4 |       ||    48
       Sandblast         |     3 |     6 |    47 |    53 ||   109
       Poisonous Vapours |       |    12 |    67 |   129 ||   208
       Ozocubu's Armour  |       |     1 |     3 |     5 ||     9
       Frozen Ramparts   |       |     1 |     2 |     9 ||    12
       Teleport Other    |       |       |       |     5 ||     5
       Agony             |       |       |       |     1 ||     1
  Use: Scroll            |     2 |       |     6 |     5 ||    13
 Stab: Sleeping          |     2 |     3 |     2 |       ||     7
Armor: Leather armour    |    15 |    22 |    24 |       ||    61
       Robe              |       |       |    16 |    83 ||    99
Dodge: Dodged            |    27 |    55 |   132 |   131 ||   345
Block: Other             |       |       |       |    13 ||    13
